 Dungeon Crawl Stone Soup version 0.29-a0-892-g2c4c91d9db (webtiles) character file.

Game seed: 6123943217134515561

55 mason the Cudgeller (level 3, -3/33 HPs)
             Began as a Minotaur Berserker on July 12, 2022.
             Was a Believer of Trog.
             Slain by Natasha (7 damage)
             ... on level 2 of the Dungeon on July 22, 2022.
             The game lasted 00:07:02 (1551 turns).

mason the Cudgeller (Minotaur Berserker)            Turns: 1551, Time: 00:07:03

Health: -3/33      AC:  2    Str: 23    XL:     3   Next: 67%
Magic:  2/2        EV: 12    Int:  4    God:    Trog [**....]
Gold:   59         SH:  0    Dex:  9    Spells: 2/2 levels left

rFire   . . .      SeeInvis .   a - +0 mace
rCold   . . .      Faith    .   (no shield)
rNeg    . . .      Spirit   .   b - +0 animal skin
rPois   .          Reflect  .   (helmet restricted)
rElec   .          Harm     .   (no cloak)
rCorr   .          Rampage  .   (no gloves)
Will    .....                   (no boots)
Stlth   +.........              (no amulet)
HPRegen 0.11/turn               (no ring)
MPRegen 0.08/turn               (no ring)

@: no status effects
A: horns 2, retaliatory headbutt
a: Renounce Religion, Berserk, Trog's Hand


You were on level 2 of the Dungeon.
You worshipped Trog.
Trog was pleased with you.
You visited 1 branch of the dungeon, and saw 2 of its levels.

You collected 59 gold pieces.

Inventory:

Hand Weapons
 a - a +0 mace (weapon)
 d - a +0 club
Armour
 b - a +0 animal skin (worn)
Scrolls
 c - a scroll of identify {unknown}
 e - a scroll of teleportation {unknown}
 f - a scroll of fog {unknown}
Potions
 g - a potion of curing {unknown}
 h - 2 potions of degeneration {unknown}


   Skills:
 + Level 4.1 Fighting
 * Level 4.5 Maces & Flails
 + Level 3.1 Armour
 + Level 2.8 Dodging


You had 2 spell levels left.
You didn't know any spells.
Your spell library was empty.

Dungeon Overview and Level Annotations

Branches:
Dungeon (2/15)

Altars:

Annotations:
D:2 Natasha


Innate Abilities, Weirdness & Mutations

You have a pair of horns on your head.
You reflexively headbutt those who attack you in melee.


Message History

The worm is almost dead.
The worm bites you!
You are too injured to fight recklessly!
You are too injured to fight recklessly!
You are too injured to fight recklessly!
You are too injured to fight recklessly!
The worm bites you!
* * * LOW HITPOINT WARNING * * *
What are your orders? t - Shout!
Orders for allies: a - Attack new target. r - Retreat! s - Stop attacking. g - Guard the area. f - Follow me.
Anything else - Cancel.
Gang up on whom?
Press: ? - help, Dir - move target, f - worm
Aim: a worm (severely wounded) Attack!
The worm bites you!
* * * LOW HITPOINT WARNING * * *
You are too injured to fight recklessly!
You are too injured to fight recklessly!
You are too injured to fight recklessly!
You thump the worm!
You kill the worm!
Trog accepts your kill.
You start resting.
Natasha, Servant of Life and Death comes into view.
Natasha hisses angrily.
Natasha misses you.
You barely miss Natasha. Natasha claws you.
You barely miss Natasha. Natasha barely misses you.
You barely miss Natasha. Natasha claws you.
You hit Natasha but do no damage. Natasha claws you!
* * * LOW HITPOINT WARNING * * *
Natasha claws you.
* * * LOW HITPOINT WARNING * * *
You hit Natasha.
Natasha is lightly wounded.
Natasha claws you!
You die...

#. .# # #. .# .#
#.###.##.#
........###
#..........
##.......###
#.##.##††.<.......
......h@.......#
.#######<......#
#........#
#........#
#..###...# #.#.
..... #.#.. .###
#.#.# .# .....


You could see Natasha.

Vanquished Creatures
  Natasha (D:2)
  A worm (D:2)
  A dart slug (D:1)
  3 ball pythons
  A bat (D:2)
  2 endoplasms
  A giant cockroach (D:1)
  3 goblins (D:1)
  2 hobgoblins (D:1)
  2 quokkas
  A frilled lizard (D:2)
  3 kobolds (D:1)
  3 rats (D:1)
24 creatures vanquished.

Notes
Turn   | Place    | Note
-------+----------+-------------------------------------------
     0 | D:1      | mason the Minotaur Berserker began the quest for the Orb.
     0 | D:1      | Reached XP level 1. HP: 19/19 MP: 0/0
   150 | D:1      | You fall into a shaft and drop 1 floor!
   155 | D:2      | Noticed Natasha
   164 | D:2      | Killed Natasha
   165 | D:2      | Reached XP level 2. HP: 4/27 MP: 1/1
   446 | D:1      | Reached XP level 3. HP: 33/33 MP: 2/2
   518 | D:1      | Found a faded altar of an unknown god.
   935 | D:1      | Upgraded the game from 0.29-a0-830-gcb1280458a to
                  | 0.29-a0-892-g2c4c91d9db
  1398 | D:2      | Reached ** piety under Trog
  1408 | D:2      | HP: 1/33 [worm (8)]
  1544 | D:2      | Noticed Natasha
  1551 | D:2      | Slain by Natasha

Illustrated notes

Levels and vault maps discovered:
D:1:      co_arrival_random_square_maze, layout_basic,
          shapermc_ecumenical_altar_mp_highgroup
D:2:      layout_loops_ring, uniq_natasha

Skill      XL: |  1  2  3 |
---------------+----------+-----
Maces & Flails | 4 |  4.5
Fighting       | 4 |  4.1
Armour         | 3 |  3.1
Dodging        | |  2.8

Action                   || total
-------------------------++-------
Melee: Mace              ||    55
       Headbutt          ||     7
Armor: Animal skin       ||    10
Dodge: Dodged            ||    49

Table legend: (Time is in decaauts)
 A = Elapsed time spent in this place.
 B = Non-inter-level travel time spent in this place.
 C = Inter-level travel time spent in this place.
 D = Time resting spent in this place.
 E = Time spent auto-exploring this place.
 F = Levels seen in this place.
 G = Mean time per level.
                   A        B        C        D        E       F      G
               +--------+--------+--------+--------+--------+-----+--------+
         Total |   1560 |   1560 |      0 |    536 |    628 |   2 |  780.0 |
       Dungeon |   1560 |   1560 |      0 |    536 |    628 |   2 |  780.0 |
               +--------+--------+--------+--------+--------+-----+--------+

Top non-repeatable levels by time:
     D:1: 1109 daAuts
     D:2: 450 daAuts
